 Dungeon Crawl Stone Soup version 0.25.0-11-g1f837a76a1 (webtiles) character file.

Game seed: 14812626238033066902

242 Delamore the Skirmisher (level 6, -10/40 HPs)
             Began as a Gargoyle Fighter on June 25, 2020.
             Mangled by an ogre
             ... wielding a +0 giant club
              (21 damage)
             ... on level 4 of the Dungeon.
             The game lasted 00:01:58 (2818 turns).

Delamore the Skirmisher (Gargoyle Fighter)          Turns: 2818, Time: 00:01:59

Health: -10/40     AC: 13    Str: 22    XL:     6   Next: 9%
Magic:  6/6        EV:  7    Int:  8    God:
Gold:   187        SH:  9    Dex:  9    Spells: 5/5 levels left

rFire    + . .     SeeInvis .   p - +0 whip
rCold    . . .     Gourm    .   c - +0 kite shield
rNeg     + . .     Faith    .   b - +0 scale mail
rPois    ∞         Spirit   .   j - +0 helmet
rElec    +         Reflect  .   (no cloak)
rCorr    .         Harm     .   n - +0 pair of gloves
MR       .....                  (no boots)
Stlth    ..........             (no amulet)
HPRegen  0.13/turn              m - ring of protection from fire
MPRegen  0.10/turn              (no ring)

@: no status effects
A: negative energy resistance 1, electricity resistance, unbreathing,
petrification resistance, rot immunity, AC +4
a: no special abilities


You were on level 4 of the Dungeon.
You were hungry.

You visited 1 branch of the dungeon, and saw 4 of its levels.

You collected 187 gold pieces.

Inventory:

Hand Weapons
 a - a +0 flail
 p - a +0 whip (weapon)
Missiles
 r - 2 atropa-tipped darts (quivered)
Armour
 b - a +0 scale mail (worn)
 c - a +0 kite shield (worn)
 j - a +0 helmet (worn)
 n - a +0 pair of gloves (worn)
Jewellery
 m - a ring of protection from fire (left hand)
 s - the cursed ring "Gouprenn" {Int-4 Dex+3, unknown}
   (You found it on level 4 of the Dungeon)

   [ring of intelligence]

   It affects your intelligence (-4).
   It affects your dexterity (+3).
   It has a curse placed upon it.
Scrolls
 g - 3 scrolls of teleportation {unknown}
 h - 5 scrolls of identify {unknown}
 l - a scroll of remove curse {unknown}
 o - a scroll of enchant weapon {unknown}
 q - a scroll of fog {unknown}
Potions
 d - a potion of might
 e - 2 potions of curing
 i - a potion of magic {unknown}
 k - a potion of heal wounds {unknown}
Comestibles
 f - 7 rations


   Skills:
 + Level 5.4 Fighting
 + Level 4.7 Maces & Flails
 - Level 3.2 Armour
 - Level 3.2 Shields


You had 5 spell levels left.
You didn't know any spells.
Your spell library was empty.

Dungeon Overview and Level Annotations

Branches:
Dungeon (4/15)
 Temple: D:4-7

Altars:
Dithmenos
Nemelex Xobeh
Sif Muna
Uskayaw

Portals:
Ossuary: D:4


Innate Abilities, Weirdness & Mutations

You are resistant to torment.
Your stone body is resilient. (AC +4)
You are immune to poison.
You resist negative energy. (rN+)
You are resistant to electric shocks. (rElec)
You can survive without breathing.
You are immune to petrification.
You are immune to rotting.


Message History

The ogre is heavily wounded.
You hear the slow hiss of an avalanche of sand.
You block the ogre's attack.
You hit the ogre.
The ogre is severely wounded.
You hit the ogre.
The ogre is severely wounded.
The ogre closely misses you.
You barely miss the ogre.
The ogre is severely wounded.
The ogre hits you with a +0 giant club!!
Ouch! That really hurt!
* * * LOW HITPOINT WARNING * * *
You are too injured to fight recklessly!
You are too injured to fight recklessly!
You are feeling hungry.
It was a potion of curing.
You feel better.
The ogre hits you with a +0 giant club!!
Ouch! That really hurt!
You die...

#. #....# .#... #.
#....# ##.#..
#.##.######....
#.#.....##..∩)#
#........#[...####
#........#?......#
#........#.......#
#........#.......#
#.....@O.#.......#
#........#.......#
##...............#
#...............#
#........##+#####
#........#
####.....# #.....#
#.!...#


You could see an ogre.

Vanquished Creatures
  Sigmund (D:3)
  2 adders (D:2)
  A worm zombie (D:4)
  2 worms (D:2)
  3 dart slugs
  2 leopard geckos
  7 bats
  4 giant cockroaches
  6 goblins
  4 hobgoblins
  5 jackals
  8 kobolds
  A frilled lizard (D:3)
  A quokka skeleton (D:4)
  5 rats
  A rat zombie (D:4)
53 creatures vanquished.

Notes
Turn   | Place    | Note
-------+----------+-------------------------------------------
     0 | D:1      | Delamore the Gargoyle Fighter began the quest for the Orb.
     0 | D:1      | Reached XP level 1. HP: 14/14 MP: 1/1
   189 | D:1      | Reached XP level 2. HP: 19/19 MP: 2/2
   721 | D:1      | Reached XP level 3. HP: 24/24 MP: 3/3
  1090 | D:2      | Reached skill level 4 in Fighting
  1305 | D:2      | Reached XP level 4. HP: 27/29 MP: 4/4
  1664 | D:3      | Noticed Sigmund
  1686 | D:3      | Killed Sigmund
  1686 | D:3      | Reached skill level 5 in Fighting
  1686 | D:3      | Reached XP level 5. HP: 11/35 MP: 5/5
  1686 | D:3      | Reached XP level 6. HP: 13/40 MP: 6/6
  2146 | D:3      | Found a shimmering blue altar of Sif Muna.
  2257 | D:3      | Found a shadowy altar of Dithmenos.
  2282 | D:3      | Found a sparkling altar of Nemelex Xobeh.
  2619 | D:3      | Found a hide-covered altar of Uskayaw.
  2776 | D:4      | Got a crude lead ring
  2777 | D:4      | Found a sand-covered staircase.
  2811 | D:4      | HP: 2/40 [ogre/+0 giant club (20)]
  2818 | D:4      | Mangled by an ogre

Illustrated notes

Levels and vault maps discovered:
D:1:      dpeg_arrival_yet_another_circle, layout_rooms
D:2:      layout_rooms, first_ration
D:3:      layout_basic, old_standard_altar, marbit_many_paths,
          overflow_temple_1_default, nicolae_overflow_crystal_walls,
          uniq_sigmund
D:4:      layout_basic, minmay_temple_entry_hall, enter_ossuary_3, serial_shops,
          kennysheep_mini, st_stairs_13

Skill      XL: |  1  2  3  4 |
---------------+-------------+-----
Maces & Flails | 3 4 |  4.7
Fighting       | 4 5 |  5.4
Armour         | |  3.2
Shields        | |  3.2

Action                   |  1- 3 |  4- 6 || total
-------------------------+-------+-------++-------
Melee: Flail             |   149 |    23 ||   172
       Whip              |       |    97 ||    97
  Use: Potion            |       |     1 ||     1
  Eat: Chunk             |     2 |     4 ||     6
Armor: Scale mail        |    99 |    34 ||   133
Dodge: Dodged            |    61 |    26 ||    87
Block: Kite shield       |    79 |    44 ||   123
